 Dungeon Crawl Stone Soup version 0.28-a0-1447-ga5a8893891 (webtiles) character file.

Game seed: 435694836560382141

2641 derath95 the Skirmisher (level 9, -4/69 HPs)
             Began as a Demonspawn Fighter on Jan 11, 2022.
             Was an Initiate of Yredelemnul.
             Slain by Duvessa (13 damage)
             ... on level 7 of the Dungeon.
             The game lasted 00:22:34 (6846 turns).

derath95 the Skirmisher (Demonspawn Fighter)        Turns: 6846, Time: 00:22:34

Health: -4/69      AC: 20    Str: 21    XL:     9   Next: 35%
Magic:  24/24      EV:  6    Int:  8    God:    Yredelemnul [......]
Gold:   301        SH: 10    Dex: 12    Spells: 17/17 levels left

rFire   . . .      SeeInvis .   a - +0 war axe (flame)
rCold   . . .      Faith    .   c - +1 buckler
rNeg    . . .      Spirit   .   s - +0 plate armour
rPois   .          Reflect  .   (no helmet)
rElec   .          Harm     .   (no cloak)
rCorr   .          Rampage  .   (no gloves)
Will    .....                   o - +0 pair of boots
Stlth   ..........              (no amulet)
HPRegen 0.21/turn               l - ring of magical power
MPRegen 0.19/turn               (no ring)

@: no status effects
A: hooves 2, slimy green scales 2, icemail 1, powered by death 1, condensation
shield, dopey 1, wild magic 1
a: Renounce Religion, Recall Undead Harvest


You were on level 7 of the Dungeon.
You worshipped Yredelemnul.
Yredelemnul was noncommittal.
You visited 2 branches of the dungeon, and saw 8 of its levels.

You collected 301 gold pieces.

Inventory:

Hand Weapons
 a - a +0 war axe of flaming (weapon)
 h - the +6 mace "Ezengithoc" {flame, rC++}
   (You found it on level 5 of the Dungeon)

   It burns those it strikes, dealing additional fire damage.
   rC:        It greatly protects you from cold.
 t - a +0 morningstar
Armour
 c - a +1 buckler (worn)
 o - a +0 pair of boots (worn)
 s - a +0 plate armour (worn)
Jewellery
 e - a ring of ice
 g - a ring of ice
 l - a ring of magical power (left hand)
Scrolls
 d - a scroll of fear
 f - 7 scrolls of teleportation
 i - a scroll of magic mapping
 j - 2 scrolls of fog
 r - a scroll of identify
Potions
 b - a potion of lignification {unknown}
 k - 3 potions of brilliance
 n - 3 potions of curing


   Skills:
 + Level 6.0 Fighting
 + Level 5.0(5.9) Axes
 + Level 4.5(5.6) Maces & Flails
 + Level 5.5 Armour
 + Level 5.4 Shields
 + Level 4.5 Spellcasting


You had 17 spell levels left.
You didn't know any spells.
Your spell library contained the following spells:

 Spells                   Type           Power      Damage    Failure   Level
 Apportation              Tloc           4%         N/A       100%        1
 Sandblast                Erth           4%         2d4       100%        1
 Corpse Rot               Necr/Air       4%         N/A       100%        2
 Passwall                 Tmut/Erth      1%         N/A       100%        2
 Poisonous Vapours        Pois/Air       4%         N/A       100%        2
 Stone Arrow              Conj/Erth      4%         3d7       100%        3
 Alistair's Intoxication  Tmut/Pois      1%         N/A       100%        5
 Summon Forest            Summ/Tloc      1%         N/A       100%        5
 Eringya's Noxious Bog    Tmut/Pois      1%         N/A       100%        6
 Summon Hydra             Summ           1%         N/A       100%        7


Dungeon Overview and Level Annotations

Branches:
Dungeon (7/15)             Temple (1/1) D:4

Altars:
Ashenzari
Cheibriados
Dithmenos
Elyvilon
Fedhas
Gozag
Hepliaklqana
Makhleb
Nemelex Xobeh
Ru
Sif Muna
Trog
Uskayaw
Vehumet
Wu Jian
Xom
Yredelemnul
Zin
The Shining One

Shops:
D:1 ?   D:2 [   D:4 :

Annotations:
D:7 Duvessa


Innate Abilities, Weirdness & Mutations

You have hoof-like feet.
You are mostly covered in slimy green scales. (AC +3)
A meltable icy envelope protects you from harm. (AC +4)
You regenerate a little health from kills.
A meltable shield of frost defends you. (SH +4)
You are dopey. (Int -2)
Your spells are a little harder to cast, but a little more powerful.


Message History

You slash Duvessa! You burn Duvessa!
Duvessa is severely wounded.
You block Duvessa's attack.
Your orc zombie hits Duvessa but does no damage.
You closely miss Duvessa.
Duvessa is severely wounded.
You block Duvessa's attack. x2
You hit Duvessa. You burn Duvessa.
Duvessa is severely wounded.
Duvessa hits you with a +2 short sword of protection.
Your orc zombie misses Duvessa.
Duvessa hits you with a +2 short sword of protection!
* * * LOW HITPOINT WARNING * * *
You hit Duvessa but do no damage.
Duvessa is severely wounded.
Duvessa is no longer moving quickly.
Duvessa hits you with a +2 short sword of protection.
* * * LOW HITPOINT WARNING * * *
Your orc zombie hits Duvessa but does no damage.
Duvessa hits you but does no damage.
You hit Duvessa. You burn Duvessa.
Duvessa is almost dead.
Duvessa barely misses you.
Your orc zombie barely misses Duvessa.
You block Duvessa's attack.
You hit Duvessa but do no damage.
Duvessa is almost dead.
Duvessa hits you but does no damage.
Your orc zombie hits Duvessa but does no damage.
Duvessa hits your orc zombie with a +2 short sword of protection.
Unknown command.
You hit Duvessa but do no damage.
Duvessa is almost dead.
Duvessa hits you but does no damage.
Your orc zombie hits Duvessa but does no damage.
You hit Duvessa but do no damage.
Duvessa is almost dead.
Duvessa hits you but does no damage.
Duvessa hits you with a +2 short sword of protection!
You die...
Your body rises from the dead as a mindless zombie.

..##.........#........#.
..............##.#.......
..............#####......
...##..........# #...##..
##....#......?.###.......
#...#..................
#..###.........##.#.....
... #Z........####.....
.. #Z@.......# ##....
......e)...###.# ...#..
.........### ..# ...###
.....>$... .. .. #
.........## . .........#
. .......... ≈ ..........
≈ ≈


You could see Duvessa (berserk, ally target), a friendly spectral jelly and a
friendly orc zombie.

Vanquished Creatures
  Prince Ribbit (D:7)
  2 vampire mosquitoes (D:6)
  A hornet zombie (D:5)
  An ice beast (D:5)
  An orc warrior (D:6)
  A sky beast (D:7)
  An ogre (D:6)
  A necrophage (D:5)
  A bullfrog (D:6)
  5 scorpions
  Dowan (D:7)
  A water moccasin skeleton (D:3)
  5 wights (D:4)
  A howler monkey (D:5)
  A bullfrog zombie (D:5)
  An orc priest (D:5)
  2 bullfrog skeletons
  A hound (D:5)
  2 jellies
  A centaur skeleton (D:7)
  Crazy Yiuf (D:5)
  2 iguanas (D:5)
  A scorpion zombie (D:5)
  4 orc wizards
  2 adders
  5 gnolls
  A shadow imp (D:5)
  A white imp (D:5)
  A worm (D:2)
  3 dart slugs (D:1)
  9 orcs
  2 endoplasms (D:2)
  2 giant cockroaches
  2 goblins (D:4)
  3 hobgoblins
  2 jackals (D:1)
  6 kobolds
  9 quokkas
  2 ball pythons
  5 bats
  2 frilled lizards
  2 rats
98 creatures vanquished.

Vanquished Creatures (collateral kills)
  A vampire mosquito (D:6)
  An ogre (D:5)
  A water moccasin skeleton (D:5)
  A bullfrog zombie (D:5)
  A hound (D:4)
  A bullfrog skeleton (D:5)
  An adder (D:4)
  A dart slug (D:4)
  6 orcs
  A ball python (D:4)
  A goblin (D:4)
  A quokka (D:4)
  A kobold (D:4)
18 creatures vanquished.

Vanquished Creatures (others)
  2 vampire mosquito zombies (D:6)
  A bullfrog zombie (D:6)
  2 scorpion zombies
  An ogre zombie (D:6)
  An adder zombie (D:4)
  A spectral shadow imp (D:5)
  A gnoll zombie (D:5)
  A ball python zombie (D:4)
  2 goblin zombies (D:4)
  2 hobgoblin zombies (D:4)
  A kobold zombie (D:4)
  2 orc zombies (D:5)
  14 plants (D:2)
31 creatures vanquished.

Grand Total: 147 creatures vanquished

Notes
Turn   | Place    | Note
-------+----------+-------------------------------------------
     0 | D:1      | derath95 the Demonspawn Fighter began the quest for the
                  | Orb.
     0 | D:1      | Reached XP level 1. HP: 18/18 MP: 1/1
   178 | D:1      | Found Soes's Magic Scroll Emporium.
   276 | D:1      | Gained mutation: A meltable shield of frost defends you.
                  | (SH +4) [demonic ancestry]
   276 | D:1      | Reached XP level 2. HP: 24/24 MP: 2/2
   971 | D:2      | Gained mutation: You have large cloven feet. [demonic
                  | ancestry]
   971 | D:2      | Reached XP level 3. HP: 19/29 MP: 4/4
  1501 | D:2      | Found Piudwom's Antique Armour Shoppe.
  1518 | D:2      | Reached skill level 1 in Spellcasting
  1756 | D:2      | Reached skill level 1 in Maces & Flails
  1830 | D:2      | Gained mutation: You regenerate a little health from kills.
                  | [demonic ancestry]
  1830 | D:2      | Reached XP level 4. HP: 25/35 MP: 5/5
  2868 | D:3      | Reached XP level 5. HP: 24/41 MP: 7/7
  3157 | D:4      | Found a staircase to the Ecumenical Temple.
  3175 | Temple   | Entered the Ecumenical Temple
  3449 | Temple   | Became a worshipper of Yredelemnul the Dark
  3674 | D:4      | Reached * piety under Yredelemnul
  3687 | D:4      | Gained mutation: You are partially covered in slimy green
                  | scales. (AC +2) [demonic ancestry]
  3687 | D:4      | Reached XP level 6. HP: 20/48 MP: 8/8
  3689 | D:4      | Reached skill level 4 in Fighting
  3924 | D:4      | Found Pimadui's Book Emporium.
  4029 | D:4      | Found a hide-covered altar of Uskayaw.
  4343 | D:4      | Found a shimmering blue altar of Sif Muna.
  4367 | D:4      | Gained mutation: A meltable icy envelope protects you from
                  | harm. (AC +4) [demonic ancestry]
  4367 | D:4      | Reached XP level 7. HP: 53/54 MP: 10/10
  4408 | D:4      | Gained mutation: You are dopey. (Int -2) [potion of
                  | mutation]
  4408 | D:4      | Gained mutation: You have hoof-like feet. [potion of
                  | mutation]
  4408 | D:4      | Gained mutation: Your spells are a little harder to cast,
                  | but a little more powerful. [potion of mutation]
  4439 | D:5      | Entered Level 5 of the Dungeon
  4688 | D:5      | Found a burning altar of Makhleb.
  5021 | D:5      | Reached ** piety under Yredelemnul
  5024 | D:5      | Gained mutation: You are mostly covered in slimy green
                  | scales. (AC +3) [demonic ancestry]
  5024 | D:5      | Reached XP level 8. HP: 9/61 MP: 12/12
  5025 | D:5      | Reached skill level 5 in Fighting
  5027 | D:5      | Reached *** piety under Yredelemnul
  5320 | D:5      | Found a runed translucent door.
  5321 | D:5      | Noticed Crazy Yiuf
  5334 | D:5      | Killed Crazy Yiuf
  5338 | D:5      | Identified the +6 mace "Ezengithoc" {flame, rC++}
  5447 | D:5      | Found a hazy altar of Hepliaklqana.
  5482 | D:5      | Reached **** piety under Yredelemnul
  5838 | D:6      | Reached skill level 5 in Armour
  5967 | D:6      | Reached skill level 5 in Shields
  5981 | D:6      | Reached XP level 9. HP: 41/69 MP: 15/15
  6701 | D:7      | Noticed Prince Ribbit
  6722 | D:7      | Killed Prince Ribbit
  6732 | D:7      | Found a blossoming altar of Fedhas.
  6786 | D:7      | Reached skill level 5 in Axes
  6816 | D:7      | Noticed Dowan
  6819 | D:7      | Noticed Duvessa
  6827 | D:7      | Reached skill level 6 in Fighting
  6837 | D:7      | Killed Dowan
  6846 | D:7      | Slain by Duvessa

Illustrated notes

Levels and vault maps discovered:
D:1:      minmay_arrival_four_houses, layout_basic, serial_shops, shop
D:2:      wad_woods_tower, layout_basic, serial_shops, shop,
          lemuel_another_geyser
D:3:      layout_basic, minmay_misc_feat_chi
D:4:      layout_rooms, led_sif_pool, kennysheep_little_box,
          minmay_temple_entry_drinking_statues, serial_shops, shop,
          chequers_serial_rivers_room_a
D:5:      layout_cave_pools, nicolae_overflow_crystal_walls,
          makhleb_grotto_becter, minmay_increasing_density,
          uniq_crazy_yiuf_cottage
D:6:      layout_loops_ring, minivault_19
D:7:      layout_cave_pools, fedhas_ov_isle_minmay,
          minmay_guarded_unrand_finisher, uniq_prince_ribbit1, uniq_duvessa,
          uniq_joseph
Temple:   minmay_temple_curvy_branch

Skill      XL: |  1  2  3  4  5  6  7  8  9 |
---------------+----------------------------+-----
Axes           | 2 3 4 5 |  5.0
Armour         | 3 4 5 |  5.5
Shields        | 3 4 5 |  5.4
Spellcasting   | 1 2 3 4 |  4.5
Maces & Flails | 1 2 3 4 |  4.5
Fighting       | 4 5 6 |  6.0

Action                   |  1- 3 |  4- 6 |  7- 9 || total
-------------------------+-------+-------+-------++-------
Melee: War axe           |   148 |    97 |   215 ||   460
       Kick              |    12 |    14 |       ||    26
  Use: Potion            |       |     4 |     8 ||    12
       Scroll            |       |       |     9 ||     9
 Stab: Distracted        |       |       |     2 ||     2
Armor: Scale mail        |    73 |    32 |   122 ||   227
       Plate armour      |       |       |    31 ||    31
Dodge: Dodged            |    63 |    40 |    86 ||   189
Block: Buckler           |    75 |    52 |   142 ||   269

Table legend: (Time is in decaauts)
 A = Elapsed time spent in this place.
 B = Non-inter-level travel time spent in this place.
 C = Inter-level travel time spent in this place.
 D = Time resting spent in this place.
 E = Time spent auto-exploring this place.
 F = Levels seen in this place.
 G = Mean time per level.
                   A        B        C        D        E       F      G
               +--------+--------+--------+--------+--------+-----+--------+
         Total |   7013 |   6860 |    153 |      0 |   5433 |   8 |  876.6 |
       Dungeon |   6713 |   6604 |    109 |      0 |   5186 |   7 |  959.0 |
        Temple |    299 |    255 |     44 |      0 |    247 |   1 |  299.0 |
               +--------+--------+--------+--------+--------+-----+--------+

Top non-repeatable levels by time:
     D:2: 1488 daAuts
     D:5: 1273 daAuts
     D:6: 1043 daAuts
     D:4: 1007 daAuts
     D:1: 916 daAuts
     D:3: 829 daAuts
  Temple: 299 daAuts
     D:7: 154 daAuts
